 Dungeon Crawl Stone Soup version 0.21.1-1-g345015f (console) character file.

143 fly the Chopper (level 5, 0/54 HPs)
             Began as an Ogre Berserker on May 24, 2018.
             Was a Believer of Trog.
             Slain by an orc wizard
             ... wielding a +0 dagger
              (7 damage)
             ... on level 3 of the Dungeon.
             The game lasted 00:03:05 (2185 turns).

fly the Chopper (Ogre Berserker)                    Turns: 2185, Time: 00:03:05

Health: 0/54       AC:  3    Str: 21    XL:     5   Next: 25%
Magic:  5/5        EV: 10    Int:  8    God:    Trog [**....]
Gold:   126        SH:  0    Dex:  9    Spells: 4/4 levels left

rFire    . . .     SeeInvis .   a - +0 hand axe
rCold    . . .     Gourm    .   (no shield)
rNeg     . . .     Faith    .   y - +0 animal skin
rPois    .         Spirit   .   (helmet restricted)
rElec    .         Reflect  .   (no cloak)
rCorr    .         Harm     +   (gloves unavailable)
MR       .....                  (boots unavailable)
Stlth    +.........             f - amulet of harm
HPRegen  0.18/turn              (no ring)
MPRegen  0.09/turn              (no ring)

@: berserk cooldown, slowed, very slow
A: large, unfitting armour, tough skin 1
a: Berserk, Trog's Hand, Burn Spellbooks, Renounce Religion


You were on level 3 of the Dungeon.
You worshipped Trog.
Trog was pleased with you.
You were very hungry.

You visited 1 branch of the dungeon, and saw 3 of its levels.

You collected 126 gold pieces.

Inventory:

Hand Weapons
 a - a +0 hand axe (weapon)
Armour
 y - a +0 animal skin (worn)
Jewellery
 d - a +6 ring of strength {unknown}
 f - an amulet of harm (around neck)
Scrolls
 b - a scroll of enchant weapon {unknown}
 e - a scroll of remove curse {unknown}
 g - a scroll of teleportation {unknown}
 j - a scroll of identify {unknown}
 m - a scroll of immolation {unknown}
Potions
 h - a potion of ambrosia {unknown}
 k - a potion of agility {unknown}
 l - a potion of brilliance {unknown}
Comestibles
 c - 3 rations
 i - a chunk of flesh


   Skills:
 - Level 4.0 Fighting
 + Level 5.5 Axes
 - Level 3.0 Dodging


You had 4 spell levels left.
You didn't know any spells.

Dungeon Overview and Level Annotations

Branches:
Dungeon (3/15)

Altars:
Kikubaaqudgha
Makhleb
Nemelex Xobeh


Innate Abilities, Weirdness & Mutations

You are too large for most types of armour.
You have tough skin. (AC +1)


Message History

You hit the orc wizard.
The orc wizard is severely wounded.
The orc wizard hits you but does no damage.
The orc wizard points at you and mumbles some strange words.
The magic dart hits you!
* * * LOW HITPOINT WARNING * * *
You closely miss the orc wizard.
The orc wizard is severely wounded.
The orc wizard casts a spell.
The orc wizard blinks!
The orc wizard misses you.
You barely miss the orc wizard.
The orc wizard is severely wounded.
The orc wizard is no longer moving quickly.
The orc wizard closely misses you.
The orc wizard points at you and mumbles some strange words.
You resist with some effort.
You closely miss the orc wizard.
The orc wizard is severely wounded.
The orc wizard hits you with a dagger.
You die...

...[......#.#..#..
####.......#..#.#
#..######..#.#
#))######..#.####
##...............#
##....########.##.##
##..†._## ##......
##....o.)## ##.###.##
#(...@....####...##.#
+.........+.......#.#
#.........####...##.##
##.......## #.......#
##....=## #.####..#
##...## #.####..#
##+## #.##....# #.#
#.##.##.# #.#
#.##.##.#


You could see an orc wizard.

Vanquished Creatures
  An orc priest (D:3)
  3 adders
  4 oozes
  An adder zombie (D:2)
  4 worms
  2 dart slugs
  3 leopard geckos
  2 orcs (D:3)
  8 bats
  2 giant cockroaches
  5 goblins
  2 hobgoblins
  3 jackals (D:2)
  4 ball pythons
  2 frilled lizards (D:3)
  2 kobolds (D:2)
  6 rats
54 creatures vanquished.

Notes
Turn   | Place    | Note
-------+----------+-------------------------------------------
     0 | D:1      | fly the Ogre Berserker began the quest for the Orb.
     0 | D:1      | Reached XP level 1. HP: 24/24 MP: 1/1
    80 | D:1      | Reached XP level 2. HP: 20/32 MP: 2/2
   599 | D:1      | Reached XP level 3. HP: 24/39 MP: 3/3
   739 | D:2      | Reached skill level 4 in Axes
   769 | D:2      | Reached ** piety under Trog
   814 | D:2      | Reached XP level 4. HP: 31/48 MP: 4/4
  1112 | D:2      | Found a burning altar of Makhleb.
  1553 | D:2      | Found a sparkling altar of Nemelex Xobeh.
  1757 | D:2      | Reached skill level 5 in Axes
  2157 | D:3      | Found an ancient bone altar of Kikubaaqudgha.
  2162 | D:3      | Reached XP level 5. HP: 54/54 MP: 5/5
  2185 | D:3      | Slain by an orc wizard

Skill      XL: |  1  2  3  4 |
---------------+-------------+-----
Dodging        | 3 |  3.0
Axes           | 4 5 |  5.5
Fighting       | |  4.0

Action                   |  1- 3 |  4- 6 || total
-------------------------+-------+-------++-------
Melee: Hand axe          |    70 |   108 ||   178
Invok: Berserk           |       |     2 ||     2
       Trog's Hand       |       |     1 ||     1
  Eat: Chunk             |       |     5 ||     5
Armor: Animal skin       |    32 |    30 ||    62
Dodge: Dodged            |    36 |    66 ||   102
